Map: Cyber Forest LE

Players

souL

  • Race: Terran Terran
  • Spawn Location: 5:00

Nerchio - Winner!

  • Race: Zerg Zerg
  • Spawn Location: 11:00

Event: 2019 WCS Summer

VOD

Have the link to the VOD?

Description

Time

  • Played on: July 13, 2019, 9:15 a.m.
  • Length: 5:35

All games in this series

Show
View Real Time Build Order
Export as new Build Order

souL Terran 

Build Orders: Reaper Expand 

Get SALT Encoding   

  12  0:00  SCV  
  13  0:12  SCV  
  14  0:17  Supply Depot  
  14  0:25  SCV  
  15  0:39  SCV  
  15  0:40  Barracks  
  16  0:45  Refinery  
  16  0:51  SCV  
  17  1:03  SCV  
  18  1:15  SCV  
  19  1:27  Orbital Command  
  19  1:28  Reaper  
  20  1:40  Command Center  
  20  1:48  Supply Depot  
  20  1:53  SCV  
  21  2:00  Marine  
  22  2:05  SCV  
  23  2:09  Factory  
  23  2:17  SCV  
  24  2:23  Barracks Reactor  
  24  2:29  SCV  
  25  2:41  Command Center  
  25  2:44  SCV  
  26  2:52  Orbital Command  
  26  2:56  SCV  
  27  3:05  Hellion  
  29  3:08  Hellion  
  31  3:13  Barracks Tech Lab, SCV  
  31  3:18  SCV  
  32  3:25  SCV  
  33  3:30  SCV, Hellion x2  
  33  3:33  Marine  
  38  3:37  SCV  
  39  3:43  SCV  
  40  3:50  SCV  
  40  3:51  Marine  
  40  3:54  Barracks  
  40  3:55  SCV  
  43  3:56  Barracks  
  43  3:57  Factory Reactor  
  43  3:59  Orbital Command  
  43  4:03  SCV  
  43  4:08  Refinery, SCV  
  43  4:09  Marine  
  46  4:14  Starport  
  46  4:15  SCV  
  47  4:19  Supply Depot  
  47  4:20  SCV  
  48  4:27  Marine, SCV  
  48  4:29  SCV  
  51  4:33  SCV  
  51  4:34  Bunker  
  52  4:42  Supply Depot  
  52  4:43  Marine x2  
  52  4:44  Factory Tech Lab  
  57  4:50  Barracks  
  57  4:51  Barracks  
  57  4:52  Supply Depot  
  54  4:53  Starport Reactor  
  54  4:54  Marine x2  
  56  5:02  Marine, Engineering Bay  
  56  5:04  Marine  
  54  5:07  Marine  
  54  5:13  Marine  
Show
View Real Time Build Order
Export as new Build Order

Nerchio Zerg - Winner!

Build Orders: Pool First 

Get SALT Encoding   

  12  0:00  Drone  
  13  0:12  Overlord  
  13  0:16  Drone  
  14  0:30  Drone x2  
  14  0:34  Drone  
  17  0:44  Drone, Extractor  
  17  0:49  Spawning Pool  
  16  0:55  Drone  
  17  1:15  Hatchery  
  17  1:18  Drone  
  17  1:36  Zergling x4  
  17  1:38  Queen  
  21  1:46  Metabolic Boost  
  21  1:51  Overlord  
  21  2:03  Drone  
  22  2:11  Drone x2  
  22  2:13  Queen  
  26  2:26  Drone x2  
  28  2:31  Drone  
  29  2:37  Drone  
  30  2:47  Hatchery  
  30  2:48  Drone x2  
  30  2:51  Drone  
  32  2:56  Overlord  
  32  2:58  Drone  
  32  3:04  Queen  
  35  3:16  Drone x4  
  39  3:28  Roach Warren  
  39  3:32  Zergling x8  
  41  3:34  Overlord  
  41  3:36  Extractor  
  41  3:39  Overlord  
  40  3:44  Overlord  
  40  4:07  Roach x7  
  40  4:08  Roach  
  56  4:11  Roach  
  58  4:25  Zergling x12  
  58  4:29  Zergling x4  
  66  4:32  Zergling x2  
  66  4:35  Zergling x2  
  68  4:40  Ravager x2  
  68  4:41  Zergling x2  
  68  4:42  Zergling x2  
  68  4:43  Zergling x2  
  73  4:47  Overlord  
  73  4:51  Extractor, Ravager  
  74  4:54  Overlord  
  74  5:11  Zergling x2  
  74  5:12  Zergling x12  
  77  5:18  Drone x2  
  77  5:19  Drone x2  
Tags
 
Add a new tag
Caveats
  • Supply blocks, unpowered buildings, or Contaminate may cause inaccurate times.
  • Supply counts are checked every 10 seconds.